[Event "Team 45 45 League T24"]
[Site "Internet Chess Club"]
[Date "2004.09.18"]
[Round "2"]
[White "Bookkeeper"]
[Black "ebattousai"]
[Result "0-1"]
[WhiteElo "1456"]
[BlackElo "1602"]
[TimeControl "2700+45"]

1. d4 f5 2. e3 Nf6 3. Bd3 d6 4. Nf3 Nc6 5. O-O g6 6. Nbd2 Bg7 7. c3 O-O 8. Qb3+
Kh8 9. Ng5 Qe8 10. Bb5 h6 11. Ngf3 e5 12. d5 a6 13. Be2 Ne7 14. c4 c6 15. dxc6
bxc6 16. Qc2 c5 17. b3 Nc6 18. Bb2 Nb4 19. Qc3 Bb7 20. a3 Nc6 21. Rad1 Nd8 22.
Nb1 Nf7 23. Nh4 Kh7 24. f3 e4 25. Qd2 exf3 26. Nxf3 Ne4 27. Qc2 Bxb2 28. Qxb2
Rd8 29. Nc3 Nf6 30. Qd2 Ne4 31. Nxe4 Bxe4 32. Qc3 d5 33. cxd5 Rxd5 34. Rxd5 Bxd5
35. Rd1 Bxf3 36. Bxf3 Qe5 37. Rd3 f4 38. exf4 Qxf4 39. Rd7 Kg8 40. Bd5 Qd4+ 41.
Qxd4 cxd4 42. Kf2 Kg7 43. Ke2 Kf6 44. Kd3 Ne5+ {White resigns} 0-1

[Event "Team 45 45 League T24"]
[Site "Internet Chess Club"]
[Date "2004.09.19"]
[Round "2"]
[White "Gomer"]
[Black "Eatfatty"]
[Result "1/2-1/2"]
[WhiteElo "1405"]
[BlackElo "1496"]
[TimeControl "2700+45"]

1. e4 e6 2. d4 d5 3. Nc3 Bb4 4. Bd2 Bxc3 5. bxc3 dxe4 6. Bc4 Nf6 7. Ne2 O-O 8.
O-O b6 9. Ng3 Bb7 10. Qe2 Nbd7 11. Nh5 Nxh5 12. Qxh5 Nf6 13. Qg5 Qd6 14. Bf4 Qc6
15. Be5 Kh8 16. Bxf6 gxf6 17. Qxf6+ Kg8 18. Qg5+ Kh8 19. Qf6+ {Game drawn by
mutual agreement} 1/2-1/2

[Event "Team 45 45 League T24"]
[Site "Internet Chess Club"]
[Date "2004.09.18"]
[Round "2"]
[White "doobedoo"]
[Black "az2112"]
[Result "1/2-1/2"]
[WhiteElo "1727"]
[BlackElo "1712"]
[TimeControl "2700+45"]

1. e4 d6 2. d4 Nf6 3. Nc3 g6 4. f4 Bg7 5. Nf3 O-O 6. Bd3 c5 7. dxc5 dxc5 8. O-O
Nc6 9. e5 Nd5 10. Nxd5 Qxd5 11. Qe2 Bg4 12. c3 Rad8 13. Be4 Qd7 14. Be3 b6 15.
h3 Bf5 16. Rad1 Qc8 17. Bd5 Be6 18. Bxe6 Qxe6 19. Ng5 Qxa2 20. Qb5 Na5 21. Bc1
Qc4 22. Qxc4 Nxc4 23. e6 Nd6 24. exf7+ Nxf7 25. Ne6 Rxd1 26. Rxd1 Re8 27. Rd7
Bf6 28. Rxa7 Nd6 29. Ra6 Rb8 30. g4 Kf7 31. f5 gxf5 32. gxf5 Nxf5 33. Ng5+ Kg6
34. Ne4 Nd6 35. Bf4 e5 36. Nxd6 exf4 37. Nc4 b5 38. Ne5+ Kf5 39. Rxf6+ Kxe5 40.
Rf7 h6 41. Kf2 b4 42. Kf3 bxc3 43. bxc3 Rb3 44. Re7+ Kf6 45. Rd7 Rxc3+ 46. Kxf4
Rc4+ 47. Kf3 Ke6 48. Rh7 Rh4 49. Kg3 Rh5 50. Kg4 Rg5+ 51. Kf4 Rh5 52. Kg4 {Game
drawn by mutual agreement} 1/2-1/2

[Event "Team 45 45 League T24"]
[Site "Internet Chess Club"]
[Date "2004.09.19"]
[Round "2"]
[White "Sota"]
[Black "Pick"]
[Result "1-0"]
[WhiteElo "1694"]
[BlackElo "1716"]
[TimeControl "2700+45"]

1. d4 d5 2. Nf3 Nf6 3. c4 e6 4. Bg5 Be7 5. e3 c6 6. Nc3 Nbd7 7. Rc1 O-O 8. Bd3
dxc4 9. Bxc4 Nd5 10. Bxe7 Qxe7 11. Nxd5 exd5 12. Bd3 Nf6 13. O-O Bg4 14. h3 Bh5
15. Re1 Rfe8 16. Be2 Ne4 17. Ne5 Bxe2 18. Qxe2 f6 19. Nd3 Rad8 20. f3 Nd6 21. b3
Qf7 22. Qf2 Nf5 23. g4 Qg6 24. Kh2 Nd6 25. Nf4 Qf7 26. Rc2 Re7 27. Rce2 Rde8 28.
Ng2 h6 29. Qg3 Rd7 30. Nf4 g5 31. Nd3 Qg6 32. Nf2 f5 33. f4 Ne4 34. Nxe4 fxe4
35. f5 Qf6 36. Rc2 Qd6 37. Rec1 Qxg3+ 38. Kxg3 Kf7 39. h4 Kf6 40. hxg5+ hxg5 41.
Rh1 Ke7 42. Rh7+ Kd8 43. Rxd7+ Kxd7 44. Rh2 Re7 45. b4 b6 46. Rh5 Rg7 47. a4 a5
48. bxa5 bxa5 49. Rh1 Kd6 50. Rh6+ Kd7 51. Rh1 Kc7 52. Rh6 Kb6 53. Rg6 Rc7 54.
f6 Rf7 55. Rxg5 Rxf6 56. Rf5 Rd6 57. Rf1 Kc7 58. Rc1 Rf6 59. Kh4 Rf3 60. Rc3 Kd6
61. g5 c5 62. Rxc5 Rxe3 63. g6 Rb3 64. Rc2 Rb7 65. Kh5 Ke6 66. Rg2 Rg7 67. Kh6
Kf6 68. Rf2+ Ke7 69. Kxg7 {Black resigns} 1-0

[Event "Team 45 45 League T24"]
[Site "Internet Chess Club"]
[Date "2004.09.16"]
[Round "2"]
[White "Ciclamino"]
[Black "GadsHill"]
[Result "0-1"]
[WhiteElo "1557"]
[BlackElo "1585"]
[TimeControl "2700+45"]

1. e4 d6 2. d4 Nf6 3. Nc3 Nbd7 4. f4 e5 5. Nf3 exd4 6. Qxd4 c6 7. Be3 d5 8. exd5
Bc5 9. Qd3 Qe7 10. Nd4 Ng4 11. Nf5 Nde5 12. Qe4 Bxf5 13. Bxc5 Qxc5 14. Qxf5 Qe3+
15. Be2 Qf2+ 16. Kd1 Ne3+ 17. Kc1 Nxf5 18. fxe5 Qe3+ 19. Kd1 Qxe5 {White
resigns} 0-1

[Event "Team 45 45 League T24"]
[Site "Internet Chess Club"]
[Date "2004.09.17"]
[Round "2"]
[White "rgadoury"]
[Black "Traho"]
[Result "0-1"]
[WhiteElo "1424"]
[BlackElo "1382"]
[TimeControl "2700+45"]

1. g3 e5 2. Bg2 d5 3. Nf3 Nc6 4. d3 h6 5. O-O Nf6 6. Nbd2 Bc5 7. Rb1 O-O 8. a3
a5 9. c3 Be6 10. c4 a4 11. cxd5 Bxd5 12. Nc4 Re8 13. Ncd2 Nd4 14. Nxd4 Bxg2 15.
Kxg2 Qd5+ 16. N4f3 e4 17. Nxe4 Nxe4 18. dxe4 Qxe4 19. Be3 Bxe3 20. fxe3 Qxe3 21.
Rf2 Qe4 22. Rc1 Rad8 23. Qc2 Qe3 24. Qxc7 Qe4 25. Rc4 Qd5 26. Rxa4 Rc8 27. Rd4
Qxd4 28. Nxd4 Rxc7 29. Kf3 Rd7 30. e3 Rd6 31. Re2 Rg6 32. b3 Rf6+ 33. Kg2 Rc8
34. Rc2 Rxc2+ 35. Nxc2 b5 36. Nd4 Rb6 37. g4 f6 38. h4 Kf7 39. Kf3 b4 40. a4 Rd6
41. a5 Ra6 42. Nc2 Rxa5 43. Nxb4 Ra3 44. Nc2 Rxb3 45. Nd4 Rb6 46. h5 Rd6 47. Ke4
Rd7 48. Nf5 Rd1 49. Kf4 Rf1+ 50. Kg3 g6 51. hxg6+ Kxg6 52. Kh4 h5 53. Ne7+ Kf7
54. Nd5 Rg1 55. gxh5 Rh1+ 56. Kg4 Kg7 57. Nf4 Re1 58. Nd5 Rg1+ 59. Kf3 Rg5 60.
Nf4 Kh6 61. e4 Re5 62. Nd5 Kg5 63. h6 Re8 64. h7 Rh8 65. Nxf6 Kxf6 66. Kg4 Rxh7
67. Kf4 Re7 68. Ke3 Ke5 69. Kd3 Kf4 {White resigns} 0-1

[Event "Team 45 45 League T24"]
[Site "Internet Chess Club"]
[Date "2004.09.19"]
[Round "2"]
[White "KingKrusher"]
[Black "jericho121"]
[Result "0-1"]
[WhiteElo "1269"]
[BlackElo "1569"]
[TimeControl "2700+45"]

1. e4 c5 2. Nf3 Nc6 3. d4 cxd4 4. Nxd4 Nf6 5. Nc3 e5 6. Nf5 d5 7. Bb5 Bxf5 8.
exf5 d4 9. Bg5 dxc3 10. Qxd8+ Rxd8 11. Bxf6 gxf6 12. bxc3 Bh6 13. Ke2 Rd2+
{White resigns} 0-1

[Event "Team 45 45 League T24"]
[Site "Internet Chess Club"]
[Date "2004.09.20"]
[Round "2"]
[White "allanmckie"]
[Black "POOKE"]
[Result "1-0"]
[WhiteElo "1287"]
[BlackElo "1319"]
[TimeControl "2700+45"]

1. e4 e5 2. Nf3 Nc6 3. Bc4 h6 4. O-O Bc5 5. Nc3 Nf6 6. h3 O-O 7. Na4 Be7 8. d3
Rb8 9. Bb5 a6 10. Bxc6 dxc6 11. c4 b5 12. cxb5 cxb5 13. Nc3 Bb7 14. Be3 Qd6 15.
Qc2 c5 16. Bd2 Rbd8 17. Ne2 Qxd3 18. Qxd3 Rxd3 19. Bc3 Bxe4 20. Nxe5 Rd6 21. Ng3
Rfd8 22. Ba5 Rc8 23. Rac1 Bd3 24. Rfe1 Nd5 25. Nxd3 c4 26. Rxe7 Nxe7 27. Bb4 Rd7
28. Nc5 Rdd8 29. Nxa6 Nd5 30. Ba5 Re8 31. Nf5 Re6 32. Nb4 Nf4 33. Rc2 Re2 34.
Rxe2 Nxe2+ 35. Kf1 Nf4 36. Ne7+ Kh7 37. Nxc8 Kg6 38. Nd6 Nd3 39. Nxd3 cxd3 40.
Nxb5 Kf5 41. Bd2 Ke4 42. a4 Kd5 43. b4 Kc6 44. Nd4+ Kb6 45. a5+ Kb7 46. Nb5 Kc6
47. Nd4+ Kb7 48. f4 Ka6 49. g4 g6 50. g5 h5 51. h4 Kb7 52. Nf3 Kc6 53. Ne5+ Kd6
54. Nxf7+ Ke6 55. Ne5 Kd5 56. Nxd3 {Black resigns} 1-0

[Event "Team 45 45 League T24"]
[Site "Internet Chess Club"]
[Date "2004.09.17"]
[Round "2"]
[White "SandiaCaveMan"]
[Black "Kurtosis"]
[Result "0-1"]
[WhiteElo "1256"]
[BlackElo "1278"]
[TimeControl "2700+45"]

1. d4 Nf6 2. Nf3 g6 3. e3 Bg7 4. Bd3 O-O 5. Nbd2 d6 6. h3 Nbd7 7. O-O c5 8. Re1
cxd4 9. Nxd4 a5 10. N2f3 Nc5 11. e4 e5 12. Ne2 Nfxe4 13. Nh2 Nxd3 14. Qxd3 Bf5
15. Qb3 b6 16. f3 Nc5 17. Qe3 Bxc2 18. b3 e4 19. Nc3 exf3 20. Nxf3 Re8 21. Qd2
Rxe1+ 22. Nxe1 Bf5 23. Bb2 Qe7 24. Nd5 Qd8 25. Bxg7 Kxg7 26. Qd4+ Kg8 27. Nf6+
Kf8 28. Nxh7+ Ke7 29. Nf3 Ne6 30. Re1 Kd7 31. Nf6+ Kc8 32. Rc1+ Kb7 33. Qd5+ Ka7
34. Qb5 Qxf6 35. Rc7+ Nxc7 {White resigns} 0-1

[Event "Team 45 45 League T24"]
[Site "Internet Chess Club"]
[Date "2004.09.19"]
[Round "2"]
[White "DayDream01"]
[Black "WannaB"]
[Result "1-0"]
[WhiteElo "1077"]
[BlackElo "1102"]
[TimeControl "2700+45"]

1. d4 Nf6 2. Nd2 e6 3. c4 Bb4 4. a3 Bxd2+ 5. Bxd2 b6 6. Qc2 Bb7 7. b4 Bxg2 8.
Bxg2 c6 9. b5 d5 10. e4 dxe4 11. Bxe4 Nxe4 12. Qxe4 Qc7 13. Bb4 Kd7 14. Nf3 a6
15. Ne5+ Kc8 16. bxc6 Nxc6 17. Nxc6 Kb7 18. Nd8+ Kb8 19. Nc6+ Kb7 20. Na5+ Ka7
21. Bc5 Kb8 22. Rb1 Ka7 23. Rxb6 Qxb6 24. Bxb6+ Kxb6 25. Nb3 Rab8 26. O-O g6 27.
Rb1 f5 28. Qxe6+ Kb7 29. Nc5+ Ka7 30. Qxa6# {Black checkmated} 1-0

[Event "Team 45 45 League T24"]
[Site "Internet Chess Club"]
[Date "2004.09.19"]
[Round "2"]
[White "CTIGuy"]
[Black "fuzzface"]
[Result "0-1"]
[WhiteElo "1104"]
[BlackElo "1352"]
[TimeControl "2700+45"]

1. e4 e5 2. Nf3 Nf6 3. Nc3 Nc6 4. d4 d6 5. dxe5 dxe5 6. Bb5 Qxd1+ 7. Nxd1 Bd7 8.
Nc3 Bd6 9. Nd5 Nxe4 10. Nxc7+ Bxc7 11. Bg5 f6 12. Bh4 Ba5+ 13. c3 Bg4 14. O-O-O
Bb6 15. Rhf1 g5 16. h3 gxh4 17. hxg4 Nxf2 18. Bxc6+ bxc6 19. Rd6 Nxg4 20. Rxc6
Be3+ 21. Nd2 O-O 22. Rh1 Bg5 23. Kc2 Rad8 24. Nf3 Ne3+ 25. Kb3 Rb8+ 26. Ka4 Rb6
27. Rxb6 axb6 28. Nxh4 Ra8+ 29. Kb5 Bxh4 30. Rxh4 Rxa2 31. b4 Rxg2 32. Rh6 Rg6
33. Rh3 Nd5 34. Kc6 Ne7+ 35. Kxb6 f5+ 36. Kc5 f4 37. Rf3 Rg3 38. Rf1 Rxc3+ 39.
Kd6 Ng6 40. Rb1 f3 41. b5 Rd3+ 42. Ke6 e4 43. b6 Nf8+ 44. Ke5 Nd7+ 45. Kxe4 Ra3
46. b7 f2 47. Kd5 Rf3 48. Kd6 Nb8 49. Rf1 Rf7 50. Ke6 h5 51. Ke5 h4 52. Ke4 h3
53. Ke3 h2 54. Ke2 Kg7 55. Rh1 f1=Q+ 56. Rxf1 Rxf1 57. Kxf1 h1=Q+ 58. Ke2 Qxb7
59. Kd3 {White resigns} 0-1

[Event "Team 45 45 League T24"]
[Site "Internet Chess Club"]
[Date "2004.09.19"]
[Round "2"]
[White "klt713"]
[Black "littleboo"]
[Result "0-1"]
[WhiteElo "1243"]
[BlackElo "1245"]
[TimeControl "2700+45"]

1. d4 d5 2. c4 e6 3. Nc3 Nf6 4. Bg5 Nbd7 5. e3 Bb4 6. Bxf6 Bxc3+ 7. bxc3 Nxf6 8.
Bd3 O-O 9. Qc2 dxc4 10. Bxc4 Qe7 11. Nf3 Rd8 12. Ng5 h6 13. Ne4 e5 14. Rd1 Bf5
15. f3 Nxe4 16. fxe4 Qh4+ 17. g3 Qxe4 18. Qxe4 Bxe4 19. O-O Bd5 20. Bxd5 Rxd5
21. c4 Ra5 22. Rd2 exd4 23. exd4 Re8 24. Kg2 b5 25. Rf5 c6 26. Rdf2 g6 27. Rxf7
bxc4 28. Rc7 Ra6 29. Kh3 Rb8 30. Rff7 c3 31. Rg7+ Kh8 32. Rh7+ Kg8 33. d5 c2 34.
Rhg7+ Kh8 35. Rxg6 c1=Q 36. Rxh6+ Qxh6+ 37. Kg2 Rxa2+ 38. Kf3 Qd6 39. dxc6 Qxc7
40. Kg4 Qxc6 41. h3 Rf2 42. h4 Qf3+ 43. Kh3 Qf5+ 44. g4 Qf3# {White checkmated}
0-1

[Event "Team 45 45 League T24"]
[Site "Internet Chess Club"]
[Date "2004.09.20"]
[Round "2"]
[White "gk999"]
[Black "ffplayer"]
[Result "1-0"]
[WhiteElo "1287"]
[BlackElo "1112"]
[TimeControl "2700+45"]

1. e4 e5 2. Nf3 Nc6 3. h3 Nf6 4. Nc3 Bb4 5. Nd5 Nxd5 6. exd5 Nb8 7. Nxe5 O-O 8.
c3 Bd6 9. d4 Qe8 10. Bf4 f6 11. Bd3 fxe5 12. dxe5 Bxe5 13. O-O Bxf4 14. Re1 Qf7
15. d6 cxd6 16. b3 Nc6 17. Bc4 d5 18. Bxd5 Qxd5 19. Qxd5+ Kh8 20. g3 Bg5 21. h4
Bf6 22. Re2 Ne5 23. Rae1 d6 24. Qxd6 Bg4 25. Rxe5 Bxe5 26. Qxe5 Rae8 27. Qxe8
{Black resigns} 1-0

[Event "Team 45 45 League T24"]
[Site "Internet Chess Club"]
[Date "2004.09.21"]
[Round "2"]
[White "Turnedone"]
[Black "trevor21"]
[Result "1/2-1/2"]
[WhiteElo "2243"]
[BlackElo "2193"]
[TimeControl "2700+45"]

1. e4 e6 2. d4 d5 3. Nc3 h6 4. exd5 exd5 5. Bf4 Bb4 6. Qh5 Nc6 7. Bb5 Ne7 8. Nf3
Ng6 9. Bg3 Qe7+ 10. Ne5 Nxe5 11. Qxe5 Qxe5+ 12. Bxe5 Bf5 13. O-O-O Bxc3 14. bxc3
Kd7 15. c4 a6 16. Bxc6+ Kxc6 17. cxd5+ Kxd5 18. Bxg7 Rhg8 19. Bxh6 Rxg2 20. Be3
Rh8 21. h4 Rh5 22. c3 Be4 23. Rh3 Bf5 24. Rhh1 Ke4 25. Kd2 Kf3 26. Rb1 Bxb1 27.
Rxb1 b6 28. Bg5 Rxf2+ 29. Kd3 Rxa2 30. Rf1+ Rf2 31. Ra1 a5 32. Bd8 f5 33. Bxc7
Rxh4 34. Bxb6 Rhh2 35. Rxa5 f4 36. Bc7 Rd2+ 37. Kc4 Rhe2 38. Rf5 Re4 39. Kd5 Ke3
40. Be5 f3 41. Bg7 Rh2 42. Bf6 Rg4 43. Bg5+ Ke2 44. Re5+ Kf1 45. Rf5 Kg2 46. Be3
Rh1 47. c4 Re1 48. Re5 Rxe3 49. Rxe3 f2 50. Re2 Kf3 51. Rxf2+ Kxf2 52. c5 Ke3
53. c6 Rxd4+ 54. Ke6 Rc4 55. Kd7 Rxc6 56. Kxc6 {Game drawn because neither
player has mating material} 1/2-1/2

[Event "Team 45 45 League T24"]
[Site "Internet Chess Club"]
[Date "2004.09.18"]
[Round "2"]
[White "nursey"]
[Black "camembert"]
[Result "0-1"]
[WhiteElo "1641"]
[BlackElo "1826"]
[TimeControl "2700+45"]

1. e4 e5 2. Nf3 Nc6 3. Bb5 a6 4. Ba4 Nf6 5. O-O Nxe4 6. d4 b5 7. Bb3 d5 8. dxe5
Be6 9. c3 Be7 10. Be3 O-O 11. Nbd2 Nc5 12. Bc2 Bg4 13. Re1 Re8 14. Qb1 g6 15. b4
Ne6 16. a4 Ng5 17. Nxg5 Bxg5 18. f4 Bh6 19. h3 Be6 20. f5 Bxe3+ 21. Rxe3 d4 22.
Rg3 Nxe5 23. fxe6 Rxe6 24. Nf1 dxc3 25. Rxc3 Qd4+ 26. Re3 Nc4 27. Be4 Rae8 28.
Bf3 Nxe3 29. Nxe3 Rxe3 30. Kh2 Qe5+ 31. Kg1 Re1+ 32. Qxe1 Qxe1+ 33. Rxe1 Rxe1+
34. Kf2 Rb1 35. axb5 axb5 36. Ke3 Rxb4 37. Bc6 Kf8 38. g3 Ke7 39. Kd2 Kd6 40.
Be8 f6 41. Bf7 c5 42. Kc3 Ra4 43. Bb3 Ra3 44. Kb2 Rxb3+ 45. Kxb3 Ke5 {White
resigns} 0-1

[Event "Team 45 45 League T24"]
[Site "Internet Chess Club"]
[Date "2004.09.20"]
[Round "2"]
[White "jmoffitt"]
[Black "GameMaster"]
[Result "1-0"]
[WhiteElo "1696"]
[BlackElo "1679"]
[TimeControl "2700+45"]

1. e4 c5 2. Nf3 d6 3. d4 cxd4 4. Nxd4 Nf6 5. Nc3 g6 6. Be3 Bg7 7. f3 O-O 8. Qd2
Re8 9. O-O-O Bd7 10. Bc4 Nc6 11. h4 h5 12. Rdg1 a6 13. Bb3 Ne5 14. f4 Neg4 15.
f5 Nxe3 16. fxg6 d5 17. gxf7+ Kxf7 18. Qxe3 e6 19. e5 Ng4 20. Rf1+ Kg8 21. Qe2
Rf8 22. Nf3 Bh6+ 23. Kb1 Ne3 24. Qd3 Rf5 25. Nxd5 exd5 26. Bxd5+ Nxd5 27. Qxd5+
Kh8 28. Rd1 Rf8 29. Qxd7 Qb6 30. Qd6 Qe3 31. Rhe1 Qf4 32. Rd4 Rfd8 33. Qf6+ Qxf6
34. exf6 Kg8 35. Rde4 Rd6 36. Re5 Rad8 37. a3 Rd5 38. Rxd5 Rxd5 39. Re7 b6 40.
Rb7 Rd6 41. f7+ Kf8 42. Ne5 Bg7 43. Nd7+ Kxf7 44. Nxb6+ Kg6 45. Nc4 Rd4 46. Rb6+
Kf7 47. Nd6+ Ke6 48. Nb5+ Ke5 49. Nxd4 Kxd4 50. Rxa6 Ke4 51. Ra4+ Kf5 52. Ra5+
Kg4 53. c4 Kxh4 54. c5 Be5 55. c6 Bd6 56. b4 Kg4 57. b5 h4 58. b6 Kg3 59. Rg5+
Kf2 60. c7 Bg3 61. c8=Q Kxg2 62. Qc2+ Kg1 63. Qd1+ Kg2 64. Qe2+ Kg1 65. Qe1+ Kh2
66. Qf1 h3 67. a4 Be1 68. Qg1# {Black checkmated} 1-0

[Event "Team 45 45 League T24"]
[Site "Internet Chess Club"]
[Date "2004.09.16"]
[Round "2"]
[White "mal57"]
[Black "Lothar"]
[Result "1-0"]
[WhiteElo "1502"]
[BlackElo "1524"]
[TimeControl "2700+45"]

1. Nf3 e6 2. c4 Nf6 3. Nc3 b6 4. e4 d5 5. cxd5 exd5 6. exd5 Nxd5 7. Qa4+ c6 8.
Nxd5 Qxd5 9. Bc4 Qe4+ 10. Kf1 b5 11. Bxf7+ Kxf7 12. Qxe4 {Black resigns} 1-0

[Event "Team 45 45 League T24"]
[Site "Internet Chess Club"]
[Date "2004.09.18"]
[Round "2"]
[White "DidntSeeIt"]
[Black "Amauta"]
[Result "1-0"]
[WhiteElo "1723"]
[BlackElo "1950"]
[TimeControl "2700+45"]

1. e4 c5 2. Nf3 Nc6 3. d4 cxd4 4. Nxd4 e5 5. Nxc6 bxc6 6. Nc3 h6 7. Be2 Nf6 8.
Be3 Bb4 9. Qd3 Bxc3+ 10. Qxc3 Qc7 11. f3 O-O 12. O-O-O d6 13. Qa3 d5 14. Bc5 Re8
15. Bd6 Qb7 16. exd5 cxd5 17. Bd3 e4 18. Be2 Qc6 19. Qc5 Bd7 20. Rd4 Rac8 21.
Qxc6 Rxc6 22. Bf4 g5 23. Bd2 a6 24. h4 Bf5 25. Bc3 exf3 26. Bxf3 g4 27. Bxd5
Nxd5 28. Rxd5 Be6 29. Rd4 h5 30. Re1 Rb8 31. Re5 Rb5 32. Rd8+ Kh7 33. Rh8+ Kg6
34. Rhxh5 Rxe5 35. Rxe5 Bxa2 36. Rg5+ Kh6 37. Rxg4 Be6 38. Rg5 Rc4 39. g3 Rg4
40. Rxg4 Bxg4 41. Bd2+ Kg6 42. Be3 Kf6 43. c4 Ke5 44. b4 Be2 45. c5 Kd5 46. Kb2
Kc4 47. c6 Bg4 48. c7 Kb5 49. h5 {Black resigns} 1-0

[Event "Team 45 45 League T24"]
[Site "Internet Chess Club"]
[Date "2004.09.18"]
[Round "2"]
[White "siddhu"]
[Black "NFK"]
[Result "0-1"]
[WhiteElo "1850"]
[BlackElo "1815"]
[TimeControl "2700+45"]

1. e4 d6 2. d4 Nf6 3. Nc3 g6 4. Bg5 Bg7 5. Qd2 h6 6. Bf4 c6 7. Nf3 b5 8. Bd3 Bg4
9. Qe3 Nh5 10. h3 Nxf4 11. hxg4 Nxg2+ {White resigns} 0-1

[Event "Team 45 45 League T24"]
[Site "Internet Chess Club"]
[Date "2004.09.16"]
[Round "2"]
[White "SkatingBishop"]
[Black "Lyko"]
[Result "1-0"]
[WhiteElo "1680"]
[BlackElo "1501"]
[TimeControl "2700+45"]

1. e4 e5 2. Nf3 Nc6 3. d4 exd4 4. Bc4 h6 5. O-O d6 6. Nxd4 Bd7 7. Nc3 Nf6 8. Bf4
Be7 9. Re1 O-O 10. Nd5 Nxd4 11. Qxd4 Nxd5 12. Bxd5 c6 13. Bb3 Be6 14. Bxe6 fxe6
15. e5 dxe5 16. Qxe5 Qd5 17. Qxe6+ Qxe6 18. Rxe6 Rxf4 19. Rxe7 Raf8 20. f3 Rb4
21. b3 Rd8 22. c3 Rf4 23. Rxb7 Rf7 24. Rb4 Rd3 25. Rc4 Rf6 26. Re1 Kf7 27. Kf2
Rd2+ 28. Re2 Rxe2+ 29. Kxe2 Ke7 30. Ke3 Kd6 31. b4 Kd5 32. Rd4+ Ke6 33. c4 Rg6
34. g3 Ke7 35. c5 Rg5 36. Rd6 Re5+ 37. Kf2 Re6 38. Rxe6+ Kxe6 39. Ke3 Kd5 40.
Kd3 {Black resigns} 1-0

[Event "Team 45 45 League T24"]
[Site "Internet Chess Club"]
[Date "2004.09.18"]
[Round "2"]
[White "tjet"]
[Black "chinta"]
[Result "0-1"]
[WhiteElo "1597"]
[BlackElo "1643"]
[TimeControl "2700+45"]

1. c4 e5 2. g3 c6 3. Bg2 Nf6 4. Nc3 d5 5. cxd5 cxd5 6. e3 Bc5 7. a3 O-O 8. b4
Bb6 9. Nge2 Bg4 10. Bb2 d4 11. exd4 exd4 12. Na4 d3 13. Bxb7 Nbd7 14. Bxa8 Bxe2
15. Qb3 Qxa8 16. Rg1 Bxf2+ 17. Kxf2 Qf3+ 18. Ke1 Bd1 {White resigns} 0-1

[Event "Team 45 45 League T24"]
[Site "Internet Chess Club"]
[Date "2004.09.20"]
[Round "2"]
[White "Blake7"]
[Black "clarinetref"]
[Result "0-1"]
[WhiteElo "1482"]
[BlackElo "1540"]
[TimeControl "2700+45"]

1. e4 c5 2. Nf3 d6 3. d4 cxd4 4. Nxd4 Nf6 5. Nc3 g6 6. Be2 Bg7 7. Be3 O-O 8. f3
Nc6 9. Qd2 Re8 10. O-O-O Bd7 11. h4 Nh5 12. g4 Ng3 13. Rhg1 Nxe2+ 14. Ndxe2 Ne5
15. Nd4 Nc4 16. Qf2 Nxe3 17. Qxe3 e6 18. h5 h6 19. hxg6 fxg6 20. f4 Qb6 21. Qd3
Rad8 22. e5 Kh7 23. f5 exf5 24. gxf5 dxe5 25. fxg6+ Kh8 26. Nb3 Bc6 27. Qc4
Rxd1+ 28. Rxd1 Qe3+ 29. Kb1 Rf8 30. Nd5 Qg5 31. Qd3 Rd8 32. Qe4 Rd6 33. Nc5 Bxd5
34. Qe2 Qxg6 35. Rf1 Rb6 36. Nd7 Ra6 37. a3 Qd6 38. Qg4 Be6 39. Qg3 Bxd7 40. Rf7
Qd1+ 41. Ka2 Be6+ 42. b3 Bxf7 {White resigns} 0-1

[Event "Team 45 45 League T24"]
[Site "Internet Chess Club"]
[Date "2004.09.17"]
[Round "2"]
[White "jientho"]
[Black "tekdeth"]
[Result "1-0"]
[WhiteElo "1368"]
[BlackElo "1382"]
[TimeControl "2700+45"]

1. e4 c5 2. e5 Nc6 3. Nf3 d5 4. exd6 Qxd6 5. Nc3 Bg4 6. Bc4 e6 7. h3 Bxf3 8.
Qxf3 Nd4 9. Qxb7 Rd8 10. Bb5+ Nxb5 11. Nxb5 Qe5+ 12. Kd1 Nf6 13. d3 Qe4 {Black
resigns} 1-0

[Event "Team 45 45 League T24"]
[Site "Internet Chess Club"]
[Date "2004.09.23"]
[Round "2"]
[White "slakkjaw"]
[Black "peterts"]
[Result "1-0"]
[WhiteElo "1257"]
[BlackElo "1082"]
[TimeControl "2700+45"]

1. d4 d5 2. c4 e6 3. Nc3 Be7 4. Bf4 dxc4 5. e3 e5 6. Bxe5 Be6 7. Bxg7 Bf6 8.
Bxh8 Bxh8 9. Qa4+ Bd7 10. Qxc4 Nc6 11. O-O-O Be6 12. d5 Bxc3 13. dxe6 Qf6 14.
exf7+ Qxf7 15. Qxf7+ Kxf7 16. bxc3 Nf6 17. Bc4+ Kg6 18. Nf3 Ne4 19. Bd3 Re8 20.
Nd2 Kf5 21. f3 Ne5 22. Bxe4+ Kf6 23. Bxb7 Nd3+ 24. Kc2 Rxe3 25. Ne4+ Rxe4 26.
fxe4 Nf2 27. Rhf1 {Black resigns} 1-0

[Event "Team 45 45 League T24"]
[Site "Internet Chess Club"]
[Date "2004.09.20"]
[Round "2"]
[White "fibin"]
[Black "Grayth"]
[Result "1-0"]
[WhiteElo "1396"]
[BlackElo "1355"]
[TimeControl "2700+45"]

1. g3 e5 2. Bg2 Nc6 3. d3 d6 4. Nf3 Be6 5. O-O Qd7 6. e4 h5 7. h4 Be7 8. Nc3
Bxh4 9. Nxh4 Bh3 10. Bxh3 Qxh3 11. Nd5 O-O-O 12. Qf3 Nd4 13. Qe3 Nf6 14. Nxf6
gxf6 15. Rb1 f5 16. exf5 Nxf5 17. Nxf5 Qxf5 18. Qg5 Qh3 19. Qh4 Qxh4 20. gxh4
Rdg8+ 21. Kh1 Rg4 22. Bg5 f5 23. Rg1 Rf8 24. Rxg4 fxg4 25. Kg2 Rf3 26. Re1 Kd7
27. Re3 Rf5 28. f3 gxf3+ 29. Rxf3 Rxf3 30. Kxf3 Ke6 31. Be3 c5 32. Ke4 d5+ 33.
Kf3 d4 34. Bd2 Kf5 35. c3 b5 36. cxd4 cxd4 37. Bb4 a6 38. Bc5 a5 39. b4 a4 40.
a3 Ke6 41. Ke4 Kf6 42. Bd6 Ke6 43. Bxe5 Kf7 44. Bxd4 Kg6 45. Bb6 Kf6 46. d4 Ke6
47. Bc5 Kd7 48. Ke5 Kc6 49. d5+ Kd7 50. d6 {Black resigns} 1-0

[Event "Team 45 45 League T24"]
[Site "Internet Chess Club"]
[Date "2004.09.19"]
[Round "2"]
[White "cazj"]
[Black "MikePetska"]
[Result "1-0"]
[WhiteElo "1203"]
[BlackElo "1322"]
[TimeControl "2700+45"]

1. e4 e6 2. d4 d5 3. e5 c5 4. Nf3 Nc6 5. Bb5 Bd7 6. Be3 cxd4 7. Nxd4 Nxd4 8.
Bxd7+ Qxd7 9. Qxd4 b6 10. O-O Bc5 11. Qd3 Ne7 12. c4 O-O 13. Nc3 Rad8 14. Rfd1
d4 15. Bg5 h6 16. Bh4 g5 17. Bg3 Qb7 18. Ne4 Nf5 19. f3 Kh8 20. Bf2 a5 21. g4
Ne3 22. Nf6 {Black resigns} 1-0

[Event "Team 45 45 League T24"]
[Site "Internet Chess Club"]
[Date "2004.09.19"]
[Round "2"]
[White "disciple"]
[Black "rpgrossman"]
[Result "1-0"]
[WhiteElo "1216"]
[BlackElo "1083"]
[TimeControl "2700+45"]

1. d4 Nf6 2. c4 d5 3. Nc3 c6 4. Nf3 g6 5. e3 Bg7 6. Bd3 O-O 7. O-O Bf5 8. Bxf5
gxf5 9. Qc2 e6 10. h3 dxc4 11. Re1 c5 12. Qd1 Ne4 13. Ne2 Nc6 14. Rb1 e5 15. d5
Nb4 16. Nc3 Nd3 17. Re2 Nexf2 18. Qa4 Nxc1 19. Rxc1 Nd3 20. Rd1 Nxb2 21. Qc2
Nxd1 22. Qxd1 e4 23. Rc2 exf3 24. Qxf3 Qg5 25. Nd1 Rfe8 26. Rxc4 Bf8 27. h4 Qg4
28. Rxg4+ fxg4 29. Qxg4+ Bg7 30. h5 Rac8 31. h6 c4 32. Qxg7# {Black checkmated}
1-0

[Event "Team 45 45 League T24"]
[Site "Internet Chess Club"]
[Date "2004.09.19"]
[Round "2"]
[White "bubbarook"]
[Black "mrmarck"]
[Result "1/2-1/2"]
[WhiteElo "1303"]
[BlackElo "1373"]
[TimeControl "2700+45"]

1. e4 c5 2. c3 e6 3. Nf3 g6 4. d4 cxd4 5. Qxd4 f6 6. Bc4 Nc6 7. Qd1 Bg7 8. Be3
Nge7 9. Nbd2 b6 10. Qc2 Bb7 11. Nb3 f5 12. Nfd2 Ne5 13. f3 Nxc4 14. Nxc4 O-O 15.
O-O-O fxe4 16. fxe4 d5 17. Rhe1 Qc7 18. exd5 Qxc4 19. dxe6 Qxe6 20. Bg5 Be5 21.
Nd4 Qxa2 22. Rxe5 Nc6 23. Nxc6 Bxc6 24. Qe2 Qa1+ 25. Kc2 Ba4+ 26. b3 Qa2+ 27.
Kc1 Bxb3 28. Qxa2 Bxa2 29. Rd2 Bc4 30. Rd4 b5 31. Be3 Rfe8 32. Rde4 Rxe5 33.
Rxe5 a5 34. Kb2 Ra6 35. Re7 Re6 36. Bc5 Rxe7 37. Bxe7 Kf7 38. Bd8 a4 39. Ka3 Ke6
40. Kb4 Kf5 41. Bc7 h5 42. Bg3 Bf1 43. Bd6 g5 44. Bc5 g4 45. h3 gxh3 46. gxh3
Bc4 47. Be7 Ke4 48. Bf6 Kd3 49. Ka3 Kc2 50. h4 Bb3 51. Be5 Kd3 52. Bf6 Bc4 {Game
drawn by mutual agreement} 1/2-1/2